Map: [ESL] Inside and Out

Players

KingCobra - Winner!

  • Race: Protoss Protoss
  • Spawn Location: 1:00

ShaDoWn

  • Race: Protoss Protoss
  • Spawn Location: 7:00

Event: DreamHack SC2 Masters 2022 Atlanta (Online)

VOD

Have the link to the VOD?

Description

Time

  • Played on: Oct. 1, 2022, 2:33 p.m.
  • Length: 4:22

All games in this series

Show
View Real Time Build Order
Export as new Build Order

KingCobra Protoss - Winner!

Build Orders: Cannon Rush 

Get SALT Encoding   

  12  0:01  Probe (Chrono Boost)  
  13  0:10  Probe (Chrono Boost)  
  14  0:15  Probe  
  14  0:21  Pylon  
  15  0:40  Forge  
  15  1:01  Pylon  
  15  1:08  Pylon  
  15  1:15  Pylon  
  15  1:21  Photon Cannon  
  15  1:24  Gateway  
  15  1:27  Photon Cannon  
  15  1:42  Photon Cannon  
  15  1:46  Probe  
  15  1:58  Probe  
  16  2:05  Assimilator  
  16  2:07  Photon Cannon  
  16  2:10  Zealot (Chrono Boost)  
  18  2:21  Probe, Cybernetics Core  
  19  2:30  Pylon  
  19  2:43  Probe  
  20  2:50  Photon Cannon  
  20  3:04  Stalker (Chrono Boost)  
  20  3:12  Photon Cannon  
  19  3:16  Probe  
  20  3:26  Pylon  
  20  3:32  Probe  
  20  3:43  Stalker  
  20  3:44  Probe  
  22  3:56  Probe  
  23  4:07  Pylon  
Show
View Real Time Build Order
Export as new Build Order

ShaDoWn Protoss 

Build Orders:  

Get SALT Encoding   

  12  0:00  Probe  
  13  0:12  Probe  
  14  0:19  Pylon  
  14  0:24  Probe  
  15  0:37  Probe (Chrono Boost), Gateway  
  16  0:47  Probe (Chrono Boost), Assimilator  
  17  0:52  Probe (Chrono Boost)  
  18  1:03  Probe  
  19  1:15  Probe  
  20  1:24  Cybernetics Core, Pylon  
  20  1:25  Assimilator  
  20  1:26  Zealot (Chrono Boost)  
  20  1:31  Probe  
  22  1:43  Probe  
  23  1:55  Probe  
  24  2:10  Nexus  
  24  2:15  Shield Battery  
  24  2:26  Pylon  
  24  2:27  Stalker (Chrono Boost)  
  26  2:42  Probe  
  23  2:54  Probe  
  20  3:34  Probe  
  15  3:46  Probe  
  16  3:54  Stargate  
  16  3:58  Probe  
Tags
 
Add a new tag
Caveats
  • Supply blocks, unpowered buildings, or Contaminate may cause inaccurate times.
  • Supply counts are checked every 10 seconds.